 Dungeon Crawl Stone Soup version 0.24-a0-517-gd52e2fb918 (webtiles) character file.

Game seed: 10946084805622917975

685 Inarius the Chopper (level 7, -4/57 HPs)
             Began as a Demigod Fighter on July 22, 2019.
             Slain by a sky beast (6 damage)
             ... on level 4 of the Dungeon.
             The game lasted 00:06:46 (4388 turns).

Inarius the Chopper (Demigod Fighter)               Turns: 4388, Time: 00:06:46

Health: -4/57      AC: 11    Str: 23    XL:     7   Next: 12%
Magic:  9/9        EV:  7    Int: 12    God:
Gold:   233        SH: 10    Dex: 15    Spells: 6/6 levels left

rFire    . . .     SeeInvis .   a - +0 war axe
rCold    . . .     Gourm    .   c - +0 shield
rNeg     + . .     Faith    .   v - +0 chain mail
rPois    .         Spirit   .   m - +0 helmet
rElec    .         Reflect  .   p - +0 cloak
rCorr    .         Harm     .   (no gloves)
MR       .....                  (no boots)
Stlth    ..........             (no amulet)
HPRegen  0.19/turn              l - ring of positive energy
MPRegen  0.11/turn              q - +1 ring of evasion

@: about to teleport
A: high mp 1
a: no special abilities


You were on level 4 of the Dungeon.
You were hungry.

You visited 1 branch of the dungeon, and saw 5 of its levels.
You also visited: Sewer.

You collected 233 gold pieces.

Inventory:

Hand Weapons
 a - a +0 war axe (weapon)
Missiles
 e - 14 boomerangs (quivered)
Armour
 b - a +0 scale mail
 c - a +0 shield (worn)
 m - a +0 helmet (worn)
 p - a +0 cloak (worn)
 v - a +0 chain mail (worn)
Jewellery
 l - a ring of positive energy (left hand)
 q - a +1 ring of evasion (right hand)
Wands
 w - a wand of enslavement (4)
Scrolls
 d - a scroll of fear {unknown}
 g - a scroll of teleportation
 i - 2 scrolls of immolation {unknown}
 r - a scroll of enchant armour {unknown}
 s - 3 scrolls of enchant weapon
 t - a scroll of noise {unknown}
 u - 2 scrolls of remove curse
Potions
 h - a potion of curing
 n - 2 potions of berserk rage
 o - a potion of lignification {unknown}
Comestibles
 f - 15 rations


   Skills:
 + Level 3.5 Fighting
 * Level 5.6 Axes
 - Level 0.2 Throwing
 + Level 3.7 Armour
 + Level 1.2 Dodging
 + Level 4.0 Shields


You had 6 spell levels left.
You didn't know any spells.
Your spell library was empty.

Dungeon Overview and Level Annotations

Branches:
Dungeon (5/15)             Temple (0/1) D:5


Innate Abilities, Weirdness & Mutations

You have an increased reservoir of magic. (+10% MP)


Message History

* * * LOW HITPOINT WARNING * * *
The sky beast shocks you.
* * * LOW HITPOINT WARNING * * *
You hit the sky beast.
The sky beast is lightly wounded.
The sky beast hits you.
* * * LOW HITPOINT WARNING * * *
The sky beast shocks you.
* * * LOW HITPOINT WARNING * * *
You closely miss the sky beast.
The sky beast is lightly wounded.
The sky beast hits you but does no damage.
Unknown command.
As you read the scroll of teleportation, it crumbles to dust.
You feel strangely unstable.
The sky beast hits you but does no damage.
The sky beast hits you.
* * * LOW HITPOINT WARNING * * *
The sky beast shocks you.
You die...

#######....##.#.#...#.#
...)................#.#
#######..#.##.#.##.##.#
.....##.......#.......#
##......##.#..#....#####
...#.#####.............#
........##############.#
.#.####.####_###8####..#
.#.# #.##8...8.@.8##..#
.#.# #.##.......Y.###.#
.#.# #.#8.........>#..#
.#.# ####.........##..#
.#.# ##8...8...8#####
...# ###_###8### ####
### ###


You could see a sky beast.

Vanquished Creatures
  Purgy (Sewer)
  A sky beast (D:5)
  A centaur (D:4)
  A centaur zombie (D:5)
  A hound (D:5)
  2 orc priests (D:4)
  An orc wizard (D:5)
  A centaur skeleton (D:4)
  Jessica (D:2)
  2 worker ants
  8 adders
  An ooze (D:2)
  2 worms
  4 dart slugs
  6 orcs
  8 bats
  5 giant cockroaches
  2 hobgoblins
  13 jackals
  2 quokkas
  6 frilled lizards
  5 goblins
  A jackal skeleton (D:4)
  A jackal zombie (D:5)
  3 kobolds
  4 rats
83 creatures vanquished.

Notes
Turn   | Place    | Note
-------+----------+-------------------------------------------
     0 | D:1      | Inarius the Demigod Fighter began the quest for the Orb.
     0 | D:1      | Reached XP level 1. HP: 18/18 MP: 3/3
   211 | D:1      | Reached skill level 2 in Axes
   329 | D:1      | Reached XP level 2. HP: 22/25 MP: 4/4
   739 | D:2      | Noticed Jessica
   750 | D:2      | Killed Jessica
   750 | D:2      | Reached XP level 3. HP: 25/30 MP: 5/5
  1054 | D:2      | Reached skill level 3 in Axes
  1374 | D:2      | Reached XP level 4. HP: 19/38 MP: 6/6
  2014 | D:3      | Found a glowing drain.
  2099 | Sewer    | Entered a sewer
  2135 | Sewer    | Noticed Purgy
  2154 | Sewer    | Killed Purgy
  2154 | Sewer    | Reached skill level 4 in Axes
  2154 | Sewer    | Reached XP level 5. HP: 38/45 MP: 7/7
  2656 | D:4      | Noticed an orc warrior
  2662 | D:4      | Reached skill level 1 in Dodging
  3014 | D:4      | Reached XP level 6. HP: 51/51 MP: 8/8
  3474 | D:4      | Reached skill level 5 in Axes
  3531 | D:4      | Found a blossoming altar of Fedhas.
  3733 | D:4      | Found a shattered altar of Ashenzari.
  3799 | D:4      | Found a stormy altar of Qazlal.
  3970 | D:5      | Entered Level 5 of the Dungeon
  4275 | D:5      | Reached XP level 7. HP: 56/57 MP: 9/9
  4336 | D:5      | Found a staircase to the Ecumenical Temple.
  4379 | D:4      | Found a radiant altar of Vehumet.
  4388 | D:4      | HP: 2/57 [sky beast (2)]
  4388 | D:4      | Slain by a sky beast

Levels and vault maps discovered:
D:1:      dpeg_arrival_erosion, layout_basic, minmay_misc_feat_ornament,
          hangedman_decor_peaks_small
D:2:      layout_loops_ring, first_ration, uniq_jessica
D:3:      layout_rooms, portal_sewer_entry_d, kennysheep_small_spiral,
          minmay_misc_feat_cross, guppyfry_early_lair_pool
D:4:      layout_basic, grunt_temple_overflow_forces_of_nature,
          nicolae_overflow_hidden_temple
D:5:      layout_rooms, minmay_temple_entry_statues_pillars

Skill      XL: |  1  2  3  4  5  6 |
---------------+-------------------+-----
Axes           | 2 3 4 5 |  5.6
Armour         | 3 |  3.7
Shields        | 3 4 |  4.0
Fighting       | 3 |  3.5
Dodging        | 1 |  1.2
Throwing       | |  0.2

Action                   |  1- 3 |  4- 6 |  7- 9 || total
-------------------------+-------+-------+-------++-------
Melee: War axe           |   108 |   176 |    26 ||   310
Throw: Boomerang         |       |     5 |       ||     5
  Use: Potion            |     2 |     3 |     1 ||     6
       Scroll            |       |     4 |     4 ||     8
  Eat: Chunk             |     2 |     9 |       ||    11
Armor: Scale mail        |    59 |    73 |       ||   132
       Chain mail        |       |    12 |    13 ||    25
Dodge: Dodged            |    33 |    73 |     7 ||   113
Block: Shield            |    71 |   114 |    15 ||   200

Table legend:
 A = Non-vault XP
 B = Vault XP
 C = Vault XP percentage of total XP
 D = Non-vault monster count
 E = Vault monster count
 F = Vault count percentage of total count
                 A         B        C        D         E       F
            +---------+---------+-------+---------+---------+-------
      Total |     776 |     203 |  20.7 |      75 |       8 |   9.6
            +---------+---------+-------+---------+---------+-------
        D:1 |      16 |       0 |   0.0 |      10 |       0 |   0.0
        D:2 |      66 |      37 |  35.9 |      25 |       1 |   3.8
        D:3 |      58 |      14 |  19.4 |       6 |       1 |  14.3
        D:4 |     328 |       0 |   0.0 |      21 |       0 |   0.0
        D:5 |     308 |       0 |   0.0 |      13 |       0 |   0.0
      Sewer |       0 |     152 | 100.0 |       0 |       6 | 100.0
            +---------+---------+-------+---------+---------+-------
